| TOP OF THE 1ST |
|
Lynchburg Hillcats batting - Pitching for Rocky Mount Leafs : RHP Tony Pulido
|
|
Pitching: RHP Tony Pulido
|
|
|
Batting: RHB Ronald Lee
|
0-0: Ground out 5-3 (Groundball, 5, EV 90.0 MPH)
|
|
Batting: RHB Russ Quetti
|
0-0: Called Strike 0-1: Called Strike 0-2: Strikes out swinging
|
|
Batting: RHB William Lajoie
|
0-0: Swinging Strike 0-1: Ball 1-1: Ball 2-1: Foul Ball, location: 2F 2-2: Foul Ball, location: 2F 2-2: Ground out 5-3 (Groundball, 56, EV 84.4 MPH)
|
| Top of the 1st over - 0 runs, 0 hits, 0 errors, 0 left on base; Lynchburg 0 - Rocky Mount 0 |
| BOTTOM OF THE 1ST |
|
Rocky Mount Leafs batting - Pitching for Lynchburg Hillcats : RHP Steve Ontiveros
|
|
Pitching: RHP Steve Ontiveros
|
|
|
Batting: LHB Oscar Ramirez
|
0-0: Foul Ball, location: 2F 0-1: Ball 1-1: Ball 2-1: Swinging Strike 2-2: Ball 3-2: SOLO HOME RUN (Flyball, 89XD, EV 110.0 MPH), Distance : 423 ft
|
|
Batting: RHB Alex Sanchez
|
0-0: Ball 1-0: Fly out, F7 (Flyball, 7, EV 88.1 MPH)
|
|
Batting: RHB Joseph Scherger
|
0-0: Called Strike 0-1: Ground out 4-3 (Groundball, 4, EV 87.5 MPH)
|
|
Batting: LHB Larry Ray
|
0-0: Ball 1-0: Foul Ball, location: 2F 1-1: Ball 2-1: Swinging Strike 2-2: Foul Ball, location: 2F 2-2: Foul Ball, location: 2F 2-2: Fly out, F4 (Line Drive, 4, EV 72.5 MPH)
|
| Bottom of the 1st over - 1 run, 1 hit, 0 errors, 0 left on base; Lynchburg 0 - Rocky Mount 1 |
| TOP OF THE 2ND |
|
Lynchburg Hillcats batting - Pitching for Rocky Mount Leafs : RHP Tony Pulido
|
|
Batting: RHB Richard Witt
|
0-0: Ball 1-0: Ball 2-0: DOUBLE (Line Drive, 7LM, EV 98.8 MPH)
|
|
Batting: RHB Kenneth Tillman
|
0-0: Ball 1-0: Ground out 6-3 (Groundball, 6, EV 84.4 MPH)
|
|
Batting: RHB Curtis Cannedy
|
0-0: Called Strike 0-1: Foul Ball, location: 2F 0-2: Ground out 6-3 (Groundball, 56D, EV 82.5 MPH)
|
|
Batting: RHB Frederic Wade
|
0-0: Fly out, F2 (Popup, 3SF, EV 74.4 MPH)
|
| Top of the 2nd over - 0 runs, 1 hit, 0 errors, 1 left on base; Lynchburg 0 - Rocky Mount 1 |
| BOTTOM OF THE 2ND |
|
Rocky Mount Leafs batting - Pitching for Lynchburg Hillcats : RHP Steve Ontiveros
|
|
Batting: RHB Glen Bockhorn
|
0-0: Ball 1-0: Called Strike 1-1: Foul Ball, location: 2F 1-2: Foul Ball, location: 2F 1-2: Ball 2-2: Ball 3-2: Fly out, F9 (Flyball, 9S, EV 88.8 MPH)
|
|
Batting: RHB Jim McArdle
|
0-0: Ball 1-0: Swinging Strike 1-1: Ball 2-1: Foul Ball, location: 2F 2-2: Ball 3-2: Base on Balls
|
|
Batting: RHB Sergio Loya
|
0-0: Ball 1-0: Ball 2-0: Called Strike 2-1: Ground out 6-3 (Groundball, 6S, EV 66.9 MPH) Jim McArdle to second
|
|
Batting: RHB Blane McDonald
|
0-0: Ball 1-0: Ground out 6-3 (Groundball, 6, EV 81.9 MPH)
|
| Bottom of the 2nd over - 0 runs, 0 hits, 0 errors, 1 left on base; Lynchburg 0 - Rocky Mount 1 |
| TOP OF THE 3RD |
|
Lynchburg Hillcats batting - Pitching for Rocky Mount Leafs : RHP Tony Pulido
|
|
Batting: LHB Eb MacDonald
|
0-0: Ball 1-0: Ball 2-0: Ball 3-0: Called Strike 3-1: Fly out, F8 (Flyball, 89M, EV 91.3 MPH)
|
|
Batting: RHB Felix Estrada
|
0-0: Called Strike 0-1: Called Strike 0-2: Foul Ball, location: 2F 0-2: DOUBLE (Line Drive, 8LXD, EV 105.0 MPH)
|
|
Batting: RHB Ronald Lee
|
0-0: Ground out 4-3 (Groundball, 4, EV 110.0 MPH) Felix Estrada to third
|
|
Batting: RHB Russ Quetti
|
0-0: Ball 1-0: Ball 2-0: Called Strike 2-1: Fly out, F4 (Popup, 23, EV 83.8 MPH)
|
| Top of the 3rd over - 0 runs, 1 hit, 0 errors, 1 left on base; Lynchburg 0 - Rocky Mount 1 |
| BOTTOM OF THE 3RD |
|
Rocky Mount Leafs batting - Pitching for Lynchburg Hillcats : RHP Steve Ontiveros
|
|
Batting: RHB Todd Cruz
|
0-0: Foul Ball, location: 2F 0-1: Ball 1-1: Ball 2-1: Swinging Strike 2-2: Ball 3-2: Strikes out swinging
|
|
Batting: LHB Oscar Ramirez
|
0-0: Called Strike 0-1: Ball 1-1: Ball 2-1: Ball 3-1: Base on Balls
|
|
Batting: RHB Alex Sanchez
|
0-0: Called Strike 0-1: Ball 1-1: Ball 2-1: Ball 3-1: Base on Balls Oscar Ramirez to second
|
|
Batting: RHB Joseph Scherger
|
0-0: Fly out, F9 (Flyball, 9S, EV 93.8 MPH)
|
|
Batting: LHB Larry Ray
|
0-0: Ball 1-0: Ball 2-0: Swinging Strike 2-1: Foul Ball, location: 2F 2-2: Ball 3-2: Base on Balls Oscar Ramirez to third Alex Sanchez to second
|
|
Batting: RHB Glen Bockhorn
|
0-0: Foul Ball, location: 2F 0-1: Foul Ball, location: 2F 0-2: Foul Ball, location: 2F 0-2: Ball 1-2: Fly out, F8 (Flyball, 78XD, EV 86.9 MPH)
|
| Bottom of the 3rd over - 0 runs, 0 hits, 0 errors, 3 left on base; Lynchburg 0 - Rocky Mount 1 |
| TOP OF THE 4TH |
|
Lynchburg Hillcats batting - Pitching for Rocky Mount Leafs : RHP Tony Pulido
|
|
Batting: RHB William Lajoie
|
0-0: Called Strike 0-1: Fly out, F7 (Flyball, 7S, EV 90.6 MPH)
|
|
Batting: RHB Richard Witt
|
0-0: Swinging Strike 0-1: Ground out 5-3 (Groundball, 25, EV 85.6 MPH)
|
|
Batting: RHB Kenneth Tillman
|
0-0: Called Strike 0-1: Called Strike 0-2: Foul Ball, location: 2F 0-2: Ball 1-2: Ball 2-2: Strikes out swinging, 2-3 out at first.
|
| Top of the 4th over - 0 runs, 0 hits, 0 errors, 0 left on base; Lynchburg 0 - Rocky Mount 1 |
| BOTTOM OF THE 4TH |
|
Rocky Mount Leafs batting - Pitching for Lynchburg Hillcats : RHP Steve Ontiveros
|
|
Batting: RHB Jim McArdle
|
0-0: Ball 1-0: Called Strike 1-1: Ball 2-1: Called Strike 2-2: Foul Ball, location: 2F 2-2: Ball 3-2: SINGLE (Flyball, 4MD, EV 90.0 MPH)
|
|
Batting: RHB Sergio Loya
|
0-0: Fielders Choice at 2nd, 4-6 (Groundball, 4, EV 106.3 MPH)
|
|
Batting: RHB Blane McDonald
|
0-0: Foul Ball, location: 2F 0-1: Called Strike 0-2: Ball 1-2: Ball 2-2: Grounds into double play, 5-4-3 (Groundball, 5S, EV 88.1 MPH)
|
| Bottom of the 4th over - 0 runs, 1 hit, 0 errors, 0 left on base; Lynchburg 0 - Rocky Mount 1 |
| TOP OF THE 5TH |
|
Lynchburg Hillcats batting - Pitching for Rocky Mount Leafs : RHP Tony Pulido
|
|
Batting: RHB Curtis Cannedy
|
0-0: Swinging Strike 0-1: Called Strike 0-2: Ball 1-2: Ground out 4-3 (Groundball, 4, EV 90.0 MPH)
|
|
Batting: RHB Frederic Wade
|
0-0: Ball 1-0: Ball 2-0: Called Strike 2-1: Called Strike 2-2: Ground out 6-3 (Groundball, 6M, EV 90.0 MPH)
|
|
Batting: LHB Eb MacDonald
|
0-0: Called Strike 0-1: Fly out, F7 (Flyball, 78S, EV 80.6 MPH)
|
| Top of the 5th over - 0 runs, 0 hits, 0 errors, 0 left on base; Lynchburg 0 - Rocky Mount 1 |
| BOTTOM OF THE 5TH |
|
Rocky Mount Leafs batting - Pitching for Lynchburg Hillcats : RHP Steve Ontiveros
|
|
Batting: RHB Todd Cruz
|
0-0: Bunt missed! 0-1: SINGLE (Flyball, 5D, EV 84.4 MPH)
|
|
Batting: LHB Oscar Ramirez
|
0-0: Bunt missed! 0-1: Bunted foul 0-2: Fly out, F9 (Flyball, 89S, EV 90.0 MPH)
|
|
Batting: RHB Alex Sanchez
|
0-0: Called Strike 0-1: Fly out, F9 (Flyball, 9, EV 93.1 MPH)
|
|
Batting: RHB Joseph Scherger
|
0-0: Foul Ball, location: 2F 0-1: Ball 1-1: Called Strike 1-2: Foul Ball, location: 2F 1-2: Ball Todd Cruz steals 2nd base 2-2: Ball 3-2: Fly out, F9 (Flyball, 9, EV 91.9 MPH)
|
| Bottom of the 5th over - 0 runs, 1 hit, 0 errors, 1 left on base; Lynchburg 0 - Rocky Mount 1 |
| TOP OF THE 6TH |
|
Lynchburg Hillcats batting - Pitching for Rocky Mount Leafs : RHP Tony Pulido
|
|
Batting: RHB Felix Estrada
|
0-0: Ball 1-0: Ball 2-0: Ground out 5-3 (Groundball, 56, EV 87.5 MPH)
|
|
Batting: RHB Ronald Lee
|
0-0: Called Strike 0-1: Ball 1-1: Ball 2-1: Foul Ball, location: 2F 2-2: Foul Ball, location: 2F 2-2: Strikes out swinging
|
|
Batting: RHB Russ Quetti
|
0-0: Ball 1-0: Swinging Strike 1-1: SINGLE (Groundball, 4MD, EV 96.9 MPH)
|
|
Batting: RHB William Lajoie
|
0-0: Ball 1-0: Called Strike 1-1: Fly out, F6 (Line Drive, 6, EV 73.1 MPH)
|
| Top of the 6th over - 0 runs, 1 hit, 0 errors, 1 left on base; Lynchburg 0 - Rocky Mount 1 |
| BOTTOM OF THE 6TH |
|
Rocky Mount Leafs batting - Pitching for Lynchburg Hillcats : RHP Steve Ontiveros
|
|
Batting: LHB Larry Ray
|
0-0: Ball 1-0: Swinging Strike 1-1: Ground out 5-3 (Groundball, 5, EV 83.8 MPH)
|
|
Batting: RHB Glen Bockhorn
|
0-0: Called Strike 0-1: Swinging Strike 0-2: Ball 1-2: SINGLE (Groundball, 34D, EV 104.4 MPH)
|
|
Batting: RHB Jim McArdle
|
0-0: Ball 1-0: Called Strike 1-1: Fly out, F4 (Popup, 34, EV 75.0 MPH)
|
|
Batting: RHB Sergio Loya
|
0-0: Called Strike 0-1: Foul Ball, location: 2F 0-2: Ball 1-2: DOUBLE (Line Drive, 3D, EV 95.0 MPH) Glen Bockhorn to third Runner from 3rd tries for Home, SAFE, no throw by RF
|
|
Batting: RHB Blane McDonald
|
0-0: Called Strike 0-1: Foul Ball, location: 2F 0-2: Strikes out swinging
|
| Bottom of the 6th over - 1 run, 2 hits, 0 errors, 1 left on base; Lynchburg 0 - Rocky Mount 2 |
| TOP OF THE 7TH |
|
Lynchburg Hillcats batting - Pitching for Rocky Mount Leafs : RHP Tony Pulido
|
|
Batting: RHB Richard Witt
|
0-0: Ball 1-0: Fly out, F9 (Flyball, 9S, EV 91.3 MPH)
|
|
Batting: RHB Kenneth Tillman
|
0-0: SINGLE (Groundball, 23, EV 69.4 MPH) (infield hit)
|
|
Batting: RHB Curtis Cannedy
|
0-0: Ball 1-0: Called Strike 1-1: Called Strike 1-2: Foul Ball, location: 2F 1-2: Ball Kenneth Tillman steals 2nd base 2-2: Ground out 6-3 (Groundball, 6M, EV 97.5 MPH) Kenneth Tillman to third
|
|
Batting: RHB Frederic Wade
|
0-0: Ball 1-0: Ball 2-0: Ball 3-0: Called Strike 3-1: Base on Balls
|
|
Batting: LHB Eb MacDonald
|
0-0: Foul Ball, location: 2F 0-1: Ball 1-1: Ground out 4-3 (Groundball, 4, EV 87.5 MPH)
|
| Top of the 7th over - 0 runs, 1 hit, 0 errors, 2 left on base; Lynchburg 0 - Rocky Mount 2 |
| BOTTOM OF THE 7TH |
|
Rocky Mount Leafs batting - Pitching for Lynchburg Hillcats : RHP Steve Ontiveros
|
|
Batting: RHB Todd Cruz
|
0-0: Called Strike 0-1: Foul Ball, location: 2F 0-2: Ball 1-2: Foul Ball, location: 2F 1-2: Fly out, F7 (Flyball, 78D, EV 97.5 MPH)
|
|
Pitching: LHP Bishwajeet Lopez
|
|
|
Batting: LHB Oscar Ramirez
|
0-0: Called Strike 0-1: Ground out 4-3 (Groundball, 4, EV 86.9 MPH)
|
|
Pitching: RHP Andy Rincon
|
|
|
Batting: RHB Alex Sanchez
|
0-0: Called Strike 0-1: SINGLE (Flyball, 78S, EV 93.1 MPH)
|
|
Batting: RHB Joseph Scherger
|
0-0: Ball Alex Sanchez steals 2nd base 1-0: Ball 2-0: Ball 3-0: Called Strike 3-1: Foul Ball, location: 2F 3-2: Foul Ball, location: 2F 3-2: Fly out, F4 (Line Drive, 4, EV 70.0 MPH)
|
| Bottom of the 7th over - 0 runs, 1 hit, 0 errors, 1 left on base; Lynchburg 0 - Rocky Mount 2 |
| TOP OF THE 8TH |
|
Lynchburg Hillcats batting - Pitching for Rocky Mount Leafs : RHP Tony Pulido
|
|
Batting: RHB Felix Estrada
|
0-0: Called Strike 0-1: Ball 1-1: Called Strike 1-2: Strikes out swinging
|
|
Batting: RHB Ronald Lee
|
0-0: Ground out 6-3 (Groundball, 6MD, EV 88.8 MPH)
|
|
Batting: RHB Russ Quetti
|
0-0: Ball 1-0: Foul Ball, location: 2F 1-1: Fly out, F8 (Flyball, 8LD, EV 103.1 MPH)
|
| Top of the 8th over - 0 runs, 0 hits, 0 errors, 0 left on base; Lynchburg 0 - Rocky Mount 2 |
| BOTTOM OF THE 8TH |
|
Rocky Mount Leafs batting - Pitching for Lynchburg Hillcats : RHP Andy Rincon
|
|
Batting: LHB Larry Ray
|
0-0: Swinging Strike 0-1: Ball 1-1: Called Strike 1-2: Ball 2-2: Strikes out swinging
|
|
Batting: RHB Glen Bockhorn
|
0-0: Called Strike 0-1: Swinging Strike 0-2: Ball 1-2: Foul Ball, location: 2F 1-2: Foul Ball, location: 2F 1-2: Strikes out swinging
|
|
Batting: RHB Jim McArdle
|
0-0: Ground out 6-3 (Groundball, 6, EV 87.5 MPH)
|
| Bottom of the 8th over - 0 runs, 0 hits, 0 errors, 0 left on base; Lynchburg 0 - Rocky Mount 2 |
| TOP OF THE 9TH |
|
Lynchburg Hillcats batting - Pitching for Rocky Mount Leafs : RHP Tony Pulido
|
|
Batting: RHB William Lajoie
|
0-0: Called Strike 0-1: Ball 1-1: Called Strike 1-2: Foul Ball, location: 2F 1-2: Strikes out swinging
|
|
Batting: RHB Richard Witt
|
0-0: Foul Ball, location: 2F 0-1: Ball 1-1: Called Strike 1-2: Foul Ball, location: 2F 1-2: Ball 2-2: Ball 3-2: Base on Balls
|
|
Pinch Hitting: LHB Stanley Cannon
|
0-0: Ball 1-0: Called Strike 1-1: Fly out, F9 (Flyball, 9, EV 85.6 MPH)
|
|
Batting: RHB Curtis Cannedy
|
0-0: Foul Ball, location: 2F 0-1: Fly out, F8 (Flyball, 8RXD, EV 100.0 MPH)
|
| Top of the 9th over - 0 runs, 0 hits, 0 errors, 1 left on base; Lynchburg 0 - Rocky Mount 2 |
|